Map: Catalyseur EC

Players

aleks

  • Race: Terran Terran
  • League: Master
  • Spawn Location: 11:00

zuka - Winner!

  • Race: Protoss Protoss
  • League: Master
  • Spawn Location: 5:00

VOD

Have the link to the VOD?

Description

Time

  • Played on: April 13, 2018, 3:32 p.m.
  • Length: 11:30
Show
View Real Time Build Order
Export as new Build Order

aleks Terran 

Build Orders: MMM Bio 

Get SALT Encoding   

  12  0:00  SCV  
  13  0:13  SCV  
  14  0:17  Supply Depot  
  14  0:25  SCV  
  14  0:28  Refinery  
  15  0:38  SCV  
  16  0:46  Barracks  
  16  0:53  SCV  
  17  1:05  SCV  
  18  1:17  SCV  
  20  1:35  Reaper  
  20  1:36  Orbital Command  
  20  1:51  Command Center  
  20  2:05  Factory  
  20  2:12  Barracks Reactor  
  20  2:13  Supply Depot  
  20  2:17  SCV  
  20  2:20  Refinery  
  21  2:31  SCV  
  21  3:00  Starport  
  21  3:07  SCV  
  22  3:13  Hellion x2  
  22  3:15  Barracks Tech Lab  
  27  3:20  SCV  
  27  3:21  Barracks  
  27  3:22  Orbital Command  
  26  3:32  SCV  
  27  3:39  Hellion  
  27  3:41  Medivac  
  30  3:47  Marauder  
  32  3:51  SCV  
  32  3:54  SCV  
  34  4:04  Bunker  
  34  4:05  Hellion  
  36  4:10  SCV  
  36  4:11  SCV  
  38  4:20  Widow Mine  
  40  4:26  SCV  
  40  4:27  SCV  
  42  4:31  Barracks Reactor  
  42  4:33  Stimpack  
  42  4:34  Marauder  
  44  4:38  SCV  
  44  4:39  SCV  
  38  5:01  Widow Mine  
  38  5:02  Widow Mine  
  38  5:05  SCV x2  
  44  5:10  Marine x2  
  44  5:11  Barracks  
  44  5:12  Barracks, Starport  
  46  5:16  Supply Depot  
  46  5:17  Supply Depot  
  46  5:34  Engineering Bay  
  46  5:36  Engineering Bay  
  46  5:38  SCV x2, Marauder  
  46  5:40  Supply Depot  
  50  5:43  Supply Depot  
  50  5:46  Marine  
  50  5:47  Marine  
  52  5:50  SCV x2  
  52  5:56  Supply Depot  
  54  6:00  Factory Reactor  
  54  6:02  SCV x2  
  54  6:09  Marine  
  54  6:10  Barracks Reactor x2  
  53  6:14  Barracks, SCV  
  54  6:19  Terran Infantry Weapons Level 1, Terran Infantry Armor Level 1  
  54  6:25  Supply Depot  
  54  6:27  Medivac  
  54  6:30  Medivac  
  58  6:33  SCV x2  
  58  6:36  Marine x2  
  58  6:38  Combat Shields  
  62  6:50  SCV  
  62  6:51  Marine x2  
  62  6:52  Marine, Marauder  
  66  6:55  SCV  
  66  6:57  Widow Mine x2  
  66  6:58  Marine  
  66  6:59  Marine  
  73  7:09  SCV x2  
  73  7:10  Marine x3  
  73  7:11  Supply Depot  
  73  7:12  Barracks Tech Lab  
  73  7:13  Marauder  
  80  7:17  Medivac  
  80  7:20  Marine x3  
  87  7:23  Widow Mine  
  87  7:28  Marine x2  
  89  7:35  Refinery, Marauder  
  91  7:37  Marine x2, Refinery  
  91  7:38  Supply Depot  
  91  7:41  Supply Depot, Marine  
  94  7:59  Marine x3  
  94  8:00  Marine x2, Marauder x2  
  89  8:21  Marauder  
  89  8:35  Liberator x2  
  89  8:36  Marine x3  
  89  8:37  Marauder  
  94  8:43  Marauder  
  96  8:50  Marine x2  
  96  8:51  Widow Mine x2  
  102  9:10  Marine x2  
  102  9:11  Marauder  
  102  9:23  Liberator, Command Center  
  92  9:34  Marine x2  
  92  9:35  Marine x4, Marauder x2  
  105  9:49  Supply Depot  
  105  9:51  Widow Mine x2  
  105  9:52  Marine x2  
  110  9:53  Marine x2  
  110  9:54  Marine x2  
  110  9:57  Marauder  
  117  10:10  Marine, Marauder  
  117  10:12  Widow Mine x2  
  124  10:18  Marauder  
  124  10:19  Marine x2  
  121  10:26  Marine x3  
  106  10:32  Marauder  
  106  10:34  Marine  
  102  10:37  Marine x2  
  102  10:39  Marauder  
  79  10:53  Marauder  
  79  10:55  Marine  
  79  10:56  Marine x3  
  59  11:06  Marine  
Show
View Real Time Build Order
Export as new Build Order

zuka Protoss - Winner!

Build Orders: 1 Gate Expand, Blink Stalkers 

Get SALT Encoding   

  12  0:01  Probe  
  13  0:14  Probe  
  14  0:18  Pylon  
  14  0:26  Probe (Chrono Boost)  
  15  0:37  Probe (Chrono Boost)  
  15  0:38  Gateway  
  16  0:43  Probe  
  16  0:47  Assimilator  
  17  0:55  Probe (Chrono Boost)  
  18  1:07  Probe (Chrono Boost)  
  19  1:13  Probe (Chrono Boost)  
  20  1:27  Nexus  
  20  1:40  Cybernetics Core  
  20  1:41  Probe  
  20  1:46  Assimilator  
  21  1:53  Probe  
  22  1:56  Pylon  
  22  2:05  Probe  
  23  2:13  Stalker (Chrono Boost)  
  23  2:17  Probe  
  23  2:19  Warp Gate  
  26  2:29  Probe  
  27  2:36  Stalker  
  29  2:40  Probe  
  29  2:41  Probe  
  30  2:52  Probe (Chrono Boost)  
  30  2:54  Probe (Chrono Boost)  
  32  3:02  Twilight Council  
  32  3:04  Probe (Chrono Boost)  
  34  3:07  Stalker  
  34  3:11  Probe (Chrono Boost)  
  36  3:13  Probe (Chrono Boost)  
  36  3:18  Probe (Chrono Boost)  
  37  3:28  Probe  
  37  3:29  Probe  
  37  3:31  Shield Battery  
  39  3:34  Blink (Chrono Boost)  
  39  3:40  Probe  
  40  3:46  Gateway x2  
  40  3:52  Probe (Chrono Boost)  
  42  3:56  Probe (Chrono Boost)  
  43  4:03  Probe (Chrono Boost)  
  43  4:09  Probe  
  43  4:10  Probe  
  43  4:12  Nexus  
  43  4:16  Pylon  
  45  4:21  Probe  
  46  4:26  Pylon  
  46  4:33  Assimilator  
  46  4:34  Probe x2  
  46  4:36  Stalker  
  50  4:40  Stalker  
  50  4:41  Stalker  
  46  4:55  Probe x2 (Chrono Boost)  
  47  5:07  Probe (Chrono Boost)  
  47  5:11  Forge  
  47  5:13  Probe (Chrono Boost)  
  47  5:14  Forge  
  48  5:16  Probe (Chrono Boost)  
  48  5:21  Probe x2 (Chrono Boost)  
  50  5:26  Charge  
  52  5:29  Probe (Chrono Boost)  
  52  5:33  Probe (Chrono Boost)  
  54  5:36  Probe (Chrono Boost)  
  54  5:38  Stalker x2  
  54  5:39  Probe (Chrono Boost)  
  54  5:40  Probe (Chrono Boost)  
  54  5:41  Protoss Ground Weapons Level 1 (Chrono Boost)  
  60  5:43  Probe  
  60  5:49  Protoss Ground Armor Level 1 (Chrono Boost)  
  61  5:50  Probe  
  61  5:52  Probe  
  61  6:04  Probe  
  61  6:08  Probe  
  62  6:11  Zealot x2  
  62  6:12  Zealot  
  62  6:18  Gateway  
  67  6:19  Gateway  
  67  6:21  Gateway  
  67  6:22  Probe x2  
  67  6:24  Probe  
  70  6:34  Probe, Robotics Facility  
  70  6:36  Probe, Pylon  
  70  6:37  Probe  
  73  6:46  Probe  
  74  6:54  Probe, Templar Archives  
  76  6:56  Zealot x2, Pylon  
  76  6:58  Probe, Zealot  
  83  7:06  Probe  
  83  7:13  Pylon  
  83  7:18  Gateway  
  83  7:24  Zealot x5  
  83  7:28  Pylon  
  93  7:30  Pylon  
  93  7:31  Observer (Chrono Boost)  
  93  7:32  Protoss Ground Weapons Level 2 (Chrono Boost)  
  94  7:38  Pylon  
  94  7:41  Psionic Storm  
  94  7:45  Protoss Ground Armor Level 2 (Chrono Boost), High Templar x2, Zealot  
  94  7:50  Zealot x2  
  94  7:51  Zealot  
  106  7:52  Warp Prism  
  106  7:56  Pylon  
  108  8:08  Zealot  
  110  8:17  Pylon  
  96  8:24  Zealot x2  
  96  8:25  Zealot x3  
  96  8:27  Cybernetics Core  
  102  8:29  Pylon  
  102  8:32  Pylon  
  102  8:39  Pylon  
  102  8:46  Zealot x4  
  102  8:47  Zealot x2  
  107  8:55  Pylon  
  107  8:56  Probe  
  107  8:57  Probe x2  
  109  9:08  Probe  
  109  9:09  Probe x2  
  110  9:11  High Templar x2, Zealot x3  
  110  9:12  Zealot  
  120  9:19  Immortal  
  120  9:20  Probe  
  120  9:21  Probe x2  
  123  9:32  Probe  
  123  9:33  Probe  
  123  9:35  Robotics Facility  
  125  9:39  Assimilator  
  125  9:41  Robotics Bay  
  125  9:42  Pylon  
  125  9:47  Pylon  
  125  9:52  Zealot x5  
  133  9:53  Zealot  
  137  10:00  Pylon  
  137  10:20  Zealot  
  137  10:21  Zealot x4  
  143  10:22  Zealot  
  145  10:40  Pylon  
  145  10:41  Pylon  
  127  10:54  Stalker  
  127  10:55  Stalker x5  
  127  10:56  Stalker  
  98  11:18  Zealot x4  
  96  11:19  Zealot x3  
Tags
 
Add a new tag
Caveats
  • Supply blocks, unpowered buildings, or Contaminate may cause inaccurate times.
  • Supply counts are checked every 10 seconds.